[Event "67th Mexican-ch Open 2022"]
[Site "Chihuahua"]
[Date "2022.04.14"]
[Round "2.21"]
[White "Palma Villanueva, Miguel Ta"]
[Black "Almendarez Verdin, Manuel Adan"]
[Result "0-1"]
[ECO "C63"]
[WhiteElo "2210"]
[BlackElo "1662"]
[Annotator "TA"]
[PlyCount "90"]
[EventDate "2022.04.12"]
[EventType "swiss"]
[EventCountry "MEX"]
[SourceTitle "playchess.com"]
[Source "ChessBase"]
[SourceQuality "1"]
[TimeControl "5400+30"]

1. e4 e5 2. Nf3 Nc6 3. Bb5 f5 4. exf5 e4 5. Ng1 Qg5 {[%emt 0:00:49][%csl LRf5,LRg2][%mdl 1024] Black has compensation.} 6. g4 {[%emt 0:08:57] [#] C63: Ruy Lopez: Schliemann/Jaenisch Defence.} Qh4 $146 {[%emt 0:00:08] ...Nd4 is the strong threat.} ({Predecessor:} 6... h5 7. d3 Qe7 8. Be3 hxg4 9. Nc3 Nf6 10. dxe4 Nxe4 11. Qxg4 Nxc3 12. Qg6+ Qf7 13. bxc3 {1-0 (54) Sai,V (2151)-Gaehwiler,G (2360) Pune 2014}) 7. d4 Nf6 8. Be2 (8. h3 $1 $11) 8... h5 $1 $17 {[%emt 0:02:45][%cal Rh5g4] &Nero is more active.} 9. Bf4 hxg4 (9... Nxg4 10. Bxg4 Qxg4 11. Qxg4 hxg4 12. Nc3 $15) 10. Nc3 Bb4 11. a3 Bxc3+ 12. bxc3 d6 13. Rb1 (13. Qd2 $142) 13... Qh5 (13... Bxf5 $19 {[%cal Oe4e3] has better winning chances. White must now prevent ...e3!} 14. Qc1 O-O-O) 14. Qd2 (14. h3 $17) 14... Qxf5 $19 15. Rb5 Qd7 16. Bf1 a6 17. Rb1 Qf7 18. Bg2 Qa2 19. Qc1 Qc4 20. Qe3 Ne7 (20... Qa2 21. Qc1 $17) 21. Ne2 Ned5 22. Qd2 b5 23. O-O Bb7 24. Rfe1 O-O 25. Bg3 (25. Bg5 $17) 25... Rae8 26. Rb3 (26. Nf4 {was worth a try.}) 26... Nb6 {[%emt 0:03:59][%cal Oe4e3] Pair of Knights!} 27. Nf4 Qf7 28. Bf1 d5 {[%emt 0:01:04] Inhibits c4.} (28... Nh7 $142 {aiming for ...Ng5.} 29. d5 Ng5) 29. Ng2 Nc4 30. Qg5 (30. Qe2 {keeps fighting.}) 30... Bc8 {[%emt 0:03:59][%cal Oe4e3] Hoping for ...e3!} 31. Bf4 $2 (31. Bxc4 dxc4 32. Rbb1) 31... Nh5 32. Be3 g3 {[%emt 0:01:32] Chess con chili.} 33. hxg3 Re6 34. Be2 (34. Bxc4 {is a better defense.} dxc4 35. Rbb1) 34... Nxe3 35. Qxe3 Rf6 36. Rf1 $2 (36. Rbb1 {might work better.}) 36... Bh3 37. Rbb1 Bxg2 38. Kxg2 Rf3 $2 39. Bxf3 $11 exf3+ 40. Kh2 $1 {[%emt 0:00:37] Strongly threatening Rbe1.} Qg6 {[%emt 0:01:25][%cal Oh5f4] And now ...Nf4! would win.} 41. Rfe1 $2 {[%emt 0:00:24][%mdl 8192] Now White is beyond hope.} (41. Rbe1 $11 {and White is okay.} Nf4 42. Rh1 (42. Qxf3 $2 Qh6+ 43. Kg1 Nh3+ 44. Kg2 Rxf3 $19)) 41... Nf4 $1 $19 {[%emt 0:01:32][%cal Bh5f4,Bf4h3,Bh3g5][%mdl 32] ( -> ...Qh5+)} 42. Kg1 $2 {[%emt 0:00:40] [#]} ({But not} 42. Qxf3 $2 Qh6+ 43. Kg1 Nh3+ 44. Kg2 Rxf3 45. Kxf3 Ng5+ 46. Kg4 Ne4 47. Rxe4 Qg6+ 48. Kh3 Qxe4 $19) (42. Qe7 $19 Qxc2 43. Rf1 (43. gxf4 {gets mated.} Qxf2+ 44. Kh3 Qg2+ 45. Kh4 Rxf4+ 46. Kh5 Qg4#)) 42... Qh5 $1 {[%emt 0:05:38] Black mates.} 43. Rbd1 (43. Red1 Ne2+) 43... Nh3+ ({Inferior is} 43... Ne2+ 44. Rxe2 $1 fxe2 45. Qe6+ Kh7 46. Re1 $14) 44. Kf1 {[%emt 0:00:07] [#]} Ng5 $1 45. Kg1 {[%emt 0:00:06] [#]} Qh3 $1 {[%emt 0:00:29] Weighted Error Value: White=0.77/Black=0.29 (precise)} 0-1

[Event "67th Mexican-ch Open 2022"]
[Site "Chihuahua"]
[Date "2022.04.14"]
[Round "2.21"]
[White "Serrato, Rafael Antonio"]
[Black "Capo Vidal, Uriel"]
[Result "*"]
[WhiteElo "1707"]
[BlackElo "2306"]
[Annotator "TA"]
[PlyCount "29"]
[EventDate "2022.04.12"]
[EventType "swiss"]
[EventCountry "MEX"]
[SourceTitle "playchess.com"]
[Source "ChessBase"]
[SourceQuality "1"]
[TimeControl "5400+30"]

1. e4 e5 2. Nf3 Nc6 3. Bb5 f5 4. exf5 e4 {[%emt 0:00:48] [#] A rather calm draw.} {Predecessor:} 5. Qe2 $146 Qe7 6. Bxc6 {C63: Ruy Lopez: Schliemann/Jaenisch Defence.} bxc6 7. Nd4 c5 8. Nb3 a5 9. Qh5+ Kd8 10. a4 Nf6 11. Qh4 Ba6 12. Nc3 Bc4 13. Ne2 Ra6 14. Nf4 Rg8 15. Kd1 {1-0 (40) Saraci,N (2415)-Herman,M (2383) Chess.com INT 2021} *

[Event "67th Mexican-ch Open 2022"]
[Site "Chihuahua"]
[Date "2022.04.14"]
[Round "2.22"]
[White "Maass Garza R, Alejandro"]
[Black "Huerta Milan, Hector"]
[Result "*"]
[WhiteElo "2265"]
[BlackElo "1672"]
[Annotator "TA"]
[PlyCount "43"]
[EventDate "2022.04.12"]
[EventType "swiss"]
[EventCountry "MEX"]
[SourceTitle "playchess.com"]
[Source "ChessBase"]
[SourceQuality "1"]
[TimeControl "5400+30"]

1. d4 d5 2. c4 e6 3. Nc3 Nf6 4. Nf3 Be7 5. Bg5 O-O 6. e3 h6 7. Bf4 c6 8. Rc1 {[%emt 1:32:29] [#] Not much happened in this game. D66: Queen's Gambit Declined: Classical: Main Line (7 Rc1 c6 8 Bd3).} {Predecessor:} Nbd7 $146 9. Bd3 Nh5 10. O-O Nxf4 11. exf4 dxc4 12. Bxc4 b5 13. Bd3 Qb6 14. Re1 Rd8 15. Qc2 Nf6 16. a3 Bd7 17. f5 a5 18. g3 Qb7 19. Rcd1 Bf8 20. Ne4 Nxe4 21. fxe6 Bxe6 22. Bxe4 {½-½ (43) Iniguez,M (2309)-Bendana Guerrero,G (2432) ICCF email 2011} *

[Event "67th Mexican-ch Open 2022"]
[Site "Chihuahua"]
[Date "2022.04.14"]
[Round "2.22"]
[White "Paredes Guzman, Francisco Javier"]
[Black "Pacheco Almaraz, Jose Rodolfo"]
[Result "1-0"]
[ECO "D55"]
[WhiteElo "1891"]
[BlackElo "1643"]
[Annotator "NA RC"]
[PlyCount "67"]
[EventDate "2022.04.12"]
[EventType "swiss"]
[EventCountry "MEX"]
[SourceTitle "playchess.com"]
[Source "ChessBase"]
[SourceQuality "1"]
[TimeControl "5400+30"]

1. d4 d5 2. c4 e6 3. Nc3 Nf6 4. Nf3 Be7 5. Bg5 O-O 6. e3 h6 7. Bf4 c6 8. Rc1 Qa5 9. Bd3 dxc4 10. Bxc4 b5 11. Bb3 Ba6 12. O-O b4 13. Ne2 Bb5 14. Ne5 Qa6 15. Re1 Nbd7 16. Ng3 Rfd8 17. Qf3 Nd5 {[%emt 0:06:38] [#]} 18. Nxf7 $1 Rf8 $2 {[%emt 0:00:28] [#]} (18... Kxf7 19. e4 N7f6) 19. Nxh6+ $1 gxh6 20. Qg4+ Kh7 21. Qxe6 N7f6 22. Bxd5 Nxd5 23. Qxh6+ Kg8 24. Qg6+ Kh8 25. Be5+ Bf6 26. e4 Bd3 27. Qh6+ Kg8 28. exd5 cxd5 29. Rc7 Rf7 30. Rxf7 Kxf7 31. Bxf6 Qxf6 32. Qh5+ Kf8 $18 33. Qxd5 Rd8 34. Qe5 (34. Qc5+ $142 Qd6 35. Qg5) 1-0

[Event "67th Mexican-ch Open 2022"]
[Site "Chihuahua"]
[Date "2022.04.14"]
[Round "2.23"]
[White "Almendarez Verdin, Manuel Adan"]
[Black "Morales Garcia, Sergio Joshafatt"]
[Result "*"]
[WhiteElo "1662"]
[BlackElo "2246"]
[Annotator "TA"]
[PlyCount "34"]
[EventDate "2022.04.12"]
[EventType "swiss"]
[EventCountry "MEX"]
[SourceTitle "playchess.com"]
[Source "ChessBase"]
[SourceQuality "1"]
[TimeControl "5400+30"]

1. e4 e5 2. Nf3 Nc6 3. Bc4 Bc5 4. Nc3 Nf6 5. d3 h6 6. Be3 Bb6 7. h3 {[%emt 0:04:14] 7.Nd5 is setting a new trend.} d6 8. Nd5 {[%emt 0:01:49] C50: Hungarian Defence and Giuoco Pianissimo.} Nxd5 9. Bxd5 {[%emt 0:00:11] [#] A rather calm draw.} {Predecessor:} Ne7 $146 10. Bb3 O-O 11. Qd2 Bxe3 12. Qxe3 a5 13. a4 Ng6 14. O-O-O Qf6 15. d4 Be6 16. dxe5 dxe5 17. Bxe6 Qxe6 {½-½ (46) Plotkin,V (2367)-Moradiabadi,E (2555) Tornelo INT 2021} *

[Event "67th Mexican-ch Open 2022"]
[Site "Chihuahua"]
[Date "2022.04.14"]
[Round "2.24"]
[White "Capo Vidal, Uriel"]
[Black "Arizpe, Frank"]
[Result "1-0"]
[ECO "E76"]
[WhiteElo "2306"]
[BlackElo "1274"]
[Annotator "TA"]
[PlyCount "55"]
[EventDate "2022.04.12"]
[EventType "swiss"]
[EventCountry "MEX"]
[SourceTitle "playchess.com"]
[Source "ChessBase"]
[SourceQuality "1"]
[TimeControl "5400+30"]

1. d4 Nf6 2. c4 g6 3. Nc3 Bg7 4. e4 d6 5. f4 O-O 6. Nf3 c5 7. dxc5 dxc5 8. Qxd8 Rxd8 9. e5 Ng4 {[%emt 0:02:54] E76: King's Indian: Four Pawns Attack: Lines specific to 6 Nf3 move-order.} (9... Ne8 $1 $11) 10. h3 Nh6 11. Be3 b6 {[%emt 0:01:07] White has an edge.} 12. Nd5 Nc6 {[%emt 0:00:51] [#]} (12... Nf5 $11 13. Bf2 Bb7) 13. g4 $146 ({Predecessor:} 13. O-O-O Be6 14. g4 f6 15. Bd3 Rac8 16. g5 fxg5 17. Nxg5 Bf5 18. Bxf5 Nxf5 19. Ne6 {½-½ (25) Fedoseev,V (2318)-Melnikova,Y (2264) Varna 2009}) 13... Bb7 {[%emt 0:02:56] [#] Hoping for ...e6.} 14. Bg2 Rd7 15. O-O-O $36 {[%emt 0:06:40][%cal Od5f6][%mdl 2048] And now Nf6+! would win. Black is under strong pressure.} Rad8 (15... Kh8 $142) 16. b3 {[%emt 0:06:17] &Bianco is much more active.} (16. f5 $142) 16... f5 {[%emt 0:13:57] Black cannot hold the game after this.} (16... Kh8 $16 {was necessary.}) 17. g5 $18 Nf7 18. e6 $1 Rd6 19. exf7+ Kxf7 20. Rhe1 e6 21. Nf6 Bxf6 22. gxf6 Kxf6 23. Ne5 Na5 24. Rxd6 Rxd6 25. Bxb7 Nxb7 26. Bf2 h6 27. h4 {[%emt 0:01:07] [#] Strongly threatening Rg1.} Na5 28. Rg1 {[%emt 0:00:54] Weighted Error Value: White=0.08 (flawless) /Black=0.49} 1-0

[Event "67th Mexican-ch Open 2022"]
[Site "Chihuahua"]
[Date "2022.04.14"]
[Round "2.24"]
[White "Tapie Amione, Pablo Adib"]
[Black "Gomez Vazquez, Enrique"]
[Result "*"]
[ECO "E76"]
[WhiteElo "2241"]
[BlackElo "1661"]
[Annotator "TA"]
[PlyCount "34"]
[EventDate "2022.04.12"]
[EventType "swiss"]
[EventCountry "MEX"]
[SourceTitle "playchess.com"]
[Source "ChessBase"]
[SourceQuality "1"]
[TimeControl "5400+30"]

1. d4 Nf6 2. c4 g6 3. Nc3 Bg7 4. e4 d6 5. f4 O-O 6. Nf3 c5 7. dxc5 dxc5 8. Qxd8 Rxd8 9. e5 Ng4 {[%emt 0:02:54] E76: King's Indian: Four Pawns Attack: Lines specific to 6 Nf3 move-order.} 10. h3 Nh6 11. Be3 {[%emt 0:00:21] [#]} {Predecessor:} b6 $146 12. g4 Nc6 13. Bg2 Nb4 14. Ke2 Ba6 15. b3 Bb7 16. Rad1 f6 17. a3 Nc2 {1-0 (61) Turov,M (2597)-Djuraev,S (2350) Tashkent 2013} *

[Event "67th Mexican-ch Open 2022"]
[Site "Chihuahua"]
[Date "2022.04.14"]
[Round "2.25"]
[White "Corrales Jimenez, Zenia"]
[Black "Diaz Osorio, Ana Carolina"]
[Result "1-0"]
[ECO "C45"]
[WhiteElo "2151"]
[BlackElo "1627"]
[Annotator "TA"]
[PlyCount "125"]
[EventDate "2022.04.12"]
[EventType "swiss"]
[EventCountry "MEX"]
[SourceTitle "playchess.com"]
[Source "ChessBase"]
[SourceQuality "1"]
[TimeControl "5400+30"]

1. e4 e5 2. Nf3 Nc6 3. d4 exd4 4. Nxd4 Nf6 5. Nxc6 bxc6 6. Qe2 {[%emt 0:00:20] C45: Scotch Game.} (6. Bd3 $11) 6... Be7 (6... Rb8 $15) 7. e5 $1 $11 Nd5 8. Qg4 {[%emt 0:02:59] [#]} (8. c4 $142 $1 Nb6 9. Qg4) 8... Rg8 $146 (8... g6 $11 {remains equal.}) ({Predecessor:} 8... g6 9. c4 Nb6 10. Bh6 d5 11. Qf3 Bg5 12. Bg7 Rg8 13. Bf6 Bxf6 14. exf6 Be6 {1-0 (27) Vallejo Pons,F (2706)-Jakovenko,D (2713) Khanty-Mansiysk 2013}) 9. Bd3 d6 10. Qc4 {[%emt 0:03:51] &Bianco is more active.} Bb7 11. e6 ({Reject} 11. Bxh7 $6 Rh8 12. Be4 dxe5 $15) (11. Qb3 $16 Rb8 12. exd6 cxd6 13. O-O) 11... fxe6 12. Bxh7 Rh8 13. Bg6+ Kd7 {[%emt 0:00:14] Hoping for ...Rh4.} 14. Nd2 Rh4 15. Qb3 Rb8 $36 {[%emt 0:04:09][%mdl 2048] White is under pressure.} 16. c4 Ba6 (16... Nf4 $17 17. Be4 d5) 17. Qd3 (17. Qf3 $11 {and White stays safe.}) 17... Qh8 18. g3 Rxh2 19. Rxh2 (19. Rf1 {was called for.}) 19... Qxh2 $19 20. Qd4 $2 (20. Nf1 Qh3 21. a3) 20... Qg1+ 21. Ke2 Rf8 {[%emt 0:04:26] Threatens to win with ...c5.} 22. Nf3 Qh1 23. Be4 Bf6 24. Qd3 {[%emt 0:01:21][%cal Of3e5] Ne5+! is the strong threat.} Nb4 25. Qb3 {[%emt 0:00:29][%cal Of3e5] [#] And now Ne5+! would win.} d5 (25... Qh5 $142 $1 26. Qxb4 (26. Ke1 c5) 26... d5 $1 ) 26. Qxb4 $2 {[%emt 0:02:45] [#]} (26. Ne5+ Bxe5 27. Bxh1 Bxc4+ 28. Qxc4 dxc4 29. Bd2) 26... dxe4 $1 27. Nd2 (27. Nh2 Qxh2) 27... Be7 28. Qa5 {[%emt 0:00:09] [#]} Bxc4+ $1 29. Nxc4 Qf3+ 30. Ke1 Qxf2+ 31. Kd1 Qf1+ (31... Qf3+ $142 32. Ke1 Qf1+ 33. Kd2 Qd3+ 34. Ke1 Rf1#) 32. Qe1 Qxc4 33. Bf4 Bb4 34. Qe2 Qxe2+ $2 (34... Qd5+ 35. Kc2 Qc5+ 36. Kb3 Rb8) 35. Kxe2 {[%emt 0:00:02][%mdl 4096] Endgame KRB-KRB} Rh8 36. Ke3 Rh2 37. Rb1 Bd6 38. Kxe4 Bxf4 39. gxf4 {[%emt 0:00:09] KR-KR} c5 40. a3 g6 41. Rc1 (41. b4 $142) 41... Rxb2 (41... Re2+ $19 42. Kd3 Rxb2 43. Rxc5 Rb3+ 44. Ke4 Rxa3) 42. Rxc5 $17 a6 43. Ra5 Rb6 44. Rg5 Rb3 (44... Rb5 $17 {( -> ...Rxg5)} 45. Rxg6 Ra5) 45. Ra5 $11 Rb6 ({Black should try} 45... Rb5 $11 46. Rxa6 Rb1) 46. Rg5 $17 Rd6 47. Rxg6 c5 48. Rg7+ Kc6 49. Ke5 {[%emt 0:00:04] [#]} Rd4 (49... c4 $1 $17 {[%cal Rc4c3] White must now prevent ...c3.} 50. Rg1 Kc5) 50. Re7 $11 Rd5+ 51. Kxe6 {[%emt 0:00:06][%cal Oe7c7] aiming for Rc7+!} Rd6+ 52. Ke5 Rd5+ 53. Ke4 {[%emt 0:00:43][%cal Oe7c7] Strongly threatening Rc7+!} Rd4+ 54. Kf3 Kd6 55. Re3 c4 56. f5 Kc5 57. f6 {[%emt 0:00:55] White threatens f7 and mate.} Rd1 58. Ke2 {[%emt 0:00:18] Inhibits Rf1.} Rd7 59. Re7 Rd6 60. Re5+ Kb6 61. Rf5 {[%emt 0:00:36] White wants to mate with f7.} c3 $2 (61... Rd8 $11) 62. f7 c2 63. f8=Q {[%emt 0:00:07] What a bad dream for Black.  Weighted Error Value: White=0.63/Black=0.59} 1-0

[Event "67th Mexican-ch Open 2022"]
[Site "Chihuahua"]
[Date "2022.04.14"]
[Round "2.26"]
[White "Flores Rodriguez, Astrid Aphril"]
[Black "Ancheyta Tejas, Claudinelly"]
[Result "1-0"]
[ECO "B01"]
[WhiteElo "1662"]
[BlackElo "1789"]
[Annotator "NA RC"]
[PlyCount "119"]
[EventDate "2022.04.12"]
[EventType "swiss"]
[EventCountry "MEX"]
[SourceTitle "playchess.com"]
[Source "ChessBase"]
[SourceQuality "1"]
[TimeControl "5400+30"]

1. e4 d5 2. exd5 Qxd5 3. Nc3 Qa5 4. g3 Nf6 5. Bg2 Bg4 6. Nge2 Nc6 7. h3 Bh5 8. O-O e5 9. d3 Bb4 10. g4 Bg6 11. Be3 O-O 12. a3 Bxc3 13. Nxc3 Qa6 14. f4 exf4 15. Rxf4 Ne5 16. Qd2 Rfe8 17. Raf1 Rad8 18. Qf2 Qe6 19. Bd2 a6 20. Re1 Qd6 21. Ne4 Nxe4 22. Bxe4 Bxe4 23. Rfxe4 c5 24. Bc3 f6 25. Qf4 g5 26. Qf5 h6 27. Bxe5 fxe5 28. Rxe5 Rf8 29. Qe6+ Qxe6 30. Rxe6 Kg7 31. Rf1 Rfe8 32. Rfe1 Rf8 33. Re7+ Rf7 34. Rxf7+ Kxf7 35. Re4 Rd6 36. Kf2 Rf6+ 37. Ke2 Rb6 38. b3 Rd6 39. Re5 b6 40. c3 Kf6 41. Rf5+ Kg6 42. Re5 Kf6 43. Re4 Kf7 44. d4 cxd4 45. cxd4 Re6 46. Kd3 Rxe4 47. Kxe4 Ke6 48. d5+ Kd6 49. Kd4 a5 50. b4 a4 51. Kc4 Ke5 52. Kb5 Kxd5 53. Kxb6 Kc4 54. Kc6 Kb3 55. b5 Kxa3 56. b6 Kb2 57. b7 a3 58. b8=Q+ Kc3 59. Qh8+ Kc2 60. Qa1 1-0

[Event "67th Mexican-ch Open 2022"]
[Site "Chihuahua"]
[Date "2022.04.14"]
[Round "2.27"]
[White "Real Pereyra, Diana Carime"]
[Black "Ortega Beltran, Ximena"]
[Result "0-1"]
[ECO "B70"]
[WhiteElo "2049"]
[BlackElo "1725"]
[Annotator "TA"]
[PlyCount "86"]
[EventDate "2022.04.12"]
[EventType "swiss"]
[EventCountry "MEX"]
[SourceTitle "playchess.com"]
[Source "ChessBase"]
[SourceQuality "1"]
[TimeControl "5400+30"]

1. e4 c5 2. Nc3 g6 3. Nf3 Bg7 4. Bc4 Nc6 5. O-O d6 6. h3 Nf6 7. d4 cxd4 8. Nxd4 O-O 9. Nf3 {[%emt 0:00:06] Recently 9.Re1 got a lot of attention.} a6 {[%emt 0:00:41] B70: Sicilian Dragon: 6 g3 and 6 Be2 (without a later Be3).} 10. Re1 Bd7 11. Bb3 Na5 {[%emt 0:02:27] The position is equal.} 12. Nd5 Nxb3 13. axb3 Rc8 14. c3 Bc6 15. Bg5 {[%emt 0:02:08] [#]} e5 $146 ({Predecessor:} 15... Bxd5 16. exd5 h6 17. Bf4 Re8 18. Qd2 Kh7 19. Rad1 b5 20. Re2 Qb6 21. Rde1 Qb7 {1-0 (38) Salazar Gould,M (1968)-Quezada Pauker,K (1498) Tornelo INT 2020}) 16. Qd2 Bxd5 17. Bxf6 Bxf6 18. Qxd5 Qb6 19. Red1 Be7 20. b4 {[%emt 0:12:25] Against Rc5} Kg7 21. Rd2 f5 22. Re1 Rce8 23. Rde2 fxe4 24. Rxe4 Rf7 25. R1e2 Ref8 26. Qd2 Qc6 {[%emt 0:03:44] [#]} 27. Nd4 $1 Qc8 (27... Qd7 28. Nc2) 28. Nc2 Qd8 29. Qd1 Bh4 30. g3 Bg5 31. h4 Be7 32. Ne3 Qb6 33. Qd2 Qc6 34. Nd5 (34. Ng4 b5 $11) 34... Bd8 35. b3 Rf3 36. Kg2 Qd7 37. Ne3 {[%emt 0:01:45][%cal Oe4e5] Prevents Qf5.} Qf7 38. c4 Bb6 (38... Rxg3+ $11 39. fxg3 Qf3+ 40. Kh2 Qxe4) 39. Kg1 (39. Qxd6 $2 Rxf2+ 40. Rxf2 Qxf2+ 41. Kh3 Bd4 $19) (39. c5 $1 $16 dxc5 40. Rxe5 cxb4 41. Re7 Rxf2+ 42. Kh3 Qxe7 43. Nf5+ $1 R8xf5 44. Rxe7+ Rf7 45. Qxb4 Rxe7 46. Qxe7+ Rf7 47. Qe5+ Kg8 48. h5 gxh5 49. Qg5+ (49. Qxh5 Bd8 $16) 49... Kh8 50. Qxh5) 39... Bd4 $11 40. Kg2 $2 {[%emt 0:00:07] [#]} (40. Rxd4 $11 exd4 41. Ng4) 40... Qd7 $2 ({Worse is} 40... Rxg3+ 41. fxg3 Qf3+ 42. Kh2 Qxe4 43. Nc2 Qxe2+ 44. Qxe2) (40... Bc3 $1 $19 41. Qc2 {[#]} (41. Qxc3 $2 Rxf2+ 42. Rxf2 Qxf2+ 43. Kh1 Qf3+ 44. Kh2 Qxe4 $19) 41... Be1 $1 ) 41. Nd1 (41. Rxd4 $11 {keeps the balance.} exd4 42. Qxd4+ Kg8 43. Ng4) 41... Qc6 {[%emt 0:00:37] &Nero is much more active.} 42. Rxd4 $4 (42. Kh2 $17) 42... Rxf2+ $1 ({Inferior is} 42... exd4 43. Qxd4+ Kg8 44. Kh2 $17) 43. Kh3 Qg2+ {[%emt 0:00:01] Weighted Error Value: White=0.48/Black=0.23 (precise)} 0-1

[Event "67th Mexican-ch Open 2022"]
[Site "Chihuahua"]
[Date "2022.04.14"]
[Round "3.1"]
[White "Mareco, Sandro"]
[Black "Galaviz Medina, Sion Radamantys"]
[Result "1/2-1/2"]
[ECO "B51"]
[WhiteElo "2643"]
[BlackElo "2374"]
[Annotator "TA"]
[PlyCount "55"]
[EventDate "2022.04.12"]
[EventType "swiss"]
[EventCountry "MEX"]
[SourceTitle "playchess.com"]
[Source "ChessBase"]
[SourceQuality "1"]
[TimeControl "5400+30"]

1. e4 c5 2. Nf3 d6 3. Bb5+ Nd7 4. a4 Ngf6 5. Nc3 a6 6. Be2 {[%emt 0:00:06] B51: Sicilian: Moscow Variation (3 Bb5+) without 3...Bd7.} e6 7. O-O Be7 8. d4 {[%emt 0:00:08] The position is equal.} cxd4 9. Qxd4 O-O 10. a5 {[%emt 0:03:33] [#]} Nb8 $146 ({Predecessor:} 10... e5 11. Qe3 b6 12. axb6 Nxb6 13. Bd3 Bb7 14. Qe2 Nfd7 15. Rxa6 Bxa6 16. Bxa6 Nc5 {0-1 (42) Hammer,J (2635)-Solodovnichenko,Y (2572) Sweden 2019}) 11. Rd1 Nc6 12. Qa4 Bd7 13. Be3 Qb8 14. Qb3 Rc8 15. h3 {[%emt 0:03:18] &Bianco is much more active.} (15. Nd2 $14) 15... h6 (15... Bd8 $11 {is superior.}) 16. Bb6 (16. Nd2 $1 $14) 16... Ne5 17. Nd2 Bc6 18. Be3 Ned7 19. Bf3 Ne5 20. Be2 Ned7 21. Bf3 Ne5 22. Be2 Bd7 ({Black should try} 22... d5 $11) 23. Nf3 Nc6 24. Nd2 d5 {[%emt 0:32:11] Against Nc4} (24... Ne5 $11) 25. exd5 $16 exd5 26. Nxd5 Nxd5 27. Qxd5 Be6 28. Qb3 $2 {[%mdl 40960] Weighted Error Value: White=0.17 (very precise) /Black=0.25 (precise) . An unexpected result.} 1/2-1/2

[Event "67th Mexican-ch Open 2022"]
[Site "Chihuahua"]
[Date "2022.04.14"]
[Round "3.2"]
[White "Diaz Rosas, Julio Cesar"]
[Black "Hernandez Guerrero, Gilberto"]
[Result "1/2-1/2"]
[ECO "B46"]
[WhiteElo "2393"]
[BlackElo "2564"]
[Annotator "TA"]
[PlyCount "61"]
[EventDate "2022.04.12"]
[EventType "swiss"]
[EventCountry "MEX"]
[SourceTitle "playchess.com"]
[Source "ChessBase"]
[SourceQuality "1"]
[TimeControl "5400+30"]

1. e4 {[%emt 0:00:11] Ribli,Z} c5 2. Nf3 e6 3. d4 cxd4 4. Nxd4 Nc6 5. Nc3 a6 6. Be3 Nf6 7. g4 {[%emt 0:00:08][%cal Bg2g4,Bg4g5][%mdl 32] B46: Sicilian: Taimanov: 5 Nc3 a6.} Bb4 8. Bg2 d5 9. Nxc6 {[%emt 0:08:39] White is slightly better.} bxc6 10. g5 Nxe4 11. Bxe4 Bxc3+ 12. bxc3 {[%emt 0:00:09][%cal Od1d4] [#] Strongly threatening Qd4!} dxe4 13. Qxd8+ Kxd8 14. O-O-O+ {[%emt 0:00:13] [#]} Ke8 $146 ({Predecessor:} 14... Kc7 15. Bf4+ Kb7 16. Be5 f6 17. gxf6 gxf6 18. Bxf6 Rf8 19. Be5 Rf5 20. Bg3 Ra5 {1-0 (49) Hector,J (2553)-Hansen,C (2610) Malmo 2003 CBM 095 [Ribli,Z]}) 15. Rd6 {[%emt 0:11:46][%mdl 1024] Rhd1 is the strong threat. White has compensation.} e5 16. Rhd1 {[%emt 0:02:43] [#] aiming for Rd8+.} Bg4 17. R1d2 Rc8 18. Kb2 Ke7 19. Bc5 {[%emt 0:03:05][%cal Oh2h3] And now h3! would win.} Ke8 ({Much less strong is} 19... Rb8+ 20. Kc1 Ke8 21. Rxc6 $16) 20. c4 h6 21. gxh6 Rxh6 22. Rxh6 gxh6 $11 {[%emt 0:00:06][%mdl 4096] Endgame KRB-KRB} 23. Rd6 Be6 24. Kc3 h5 25. h4 Rc7 26. a4 Ke7 27. Rxc6+ Kd7 28. Rd6+ Ke8 29. Kb4 Ke7 $2 (29... a5+ $11 {and Black has nothing to worry.} 30. Kb5 Rc8) 30. Ka5 $4 Kf6 $2 (30... Rxc5+ {mates} 31. Kb4 Rxc4+ 32. Ka3 Kxd6 33. Kb3 f5 34. c3 f4 35. Kc2 Rxa4 36. c4 Bxc4 37. Kc3 Kc5 38. Kb2 Ra2+ 39. Kc1 Rxf2 40. Kb1 Kb4 41. Ka1 Kb3 42. Kb1 Rf1#) 31. Kb6 {Weighted Error Value: White=0.39/Black=0.55} 1/2-1/2